 Dungeon Crawl Stone Soup version 0.26-a0-30-g56b8cd3df0 (webtiles) character file.

Game seed: 7705151874316159343, levelgen mode: deterministic

44 Hasart the Grave Robber (level 3, -4/24 HPs)
             Began as a Demonspawn Necromancer on June 3, 2020.
             Slain by a centaur (7 damage)
             ... on level 5 of the Dungeon.
             The game lasted 00:03:02 (1883 turns).

Hasart the Grave Robber (Demonspawn Necromancer)    Turns: 1883, Time: 00:03:03

Health: -4/24      AC:  3    Str:  8    XL:     3   Next: 39%
Magic:  2/6        EV: 12    Int: 17    God:
Gold:   83         SH:  0    Dex: 13    Spells: 5/6 levels left

rFire    . . .     SeeInvis .   m - +0 short sword
rCold    + . .     Gourm    .   (no shield)
rNeg     . . .     Faith    .   a - +0 robe
rPois    .         Spirit   .   (no helmet)
rElec    .         Reflect  .   (no cloak)
rCorr    .         Harm     .   n - +0 pair of gloves
MR       .....                  (no boots)
Stlth    ++........             (no amulet)
HPRegen  0.08/turn              (no ring)
MPRegen  0.10/turn              (no ring)

@: no status effects
A: cold resistance 1
a: no special abilities


You were on level 5 of the Dungeon.
You were hungry.

You visited 1 branch of the dungeon, and saw 4 of its levels.

You collected 83 gold pieces.

Inventory:

Hand Weapons
 m - a +0 short sword (weapon)
Missiles
 e - 10 poisoned darts (quivered)
Armour
 a - a +0 robe (worn)
 n - a +0 pair of gloves (worn)
Scrolls
 b - a scroll of enchant weapon {unknown}
 d - a scroll of random uselessness {unknown}
 f - a scroll of immolation {unknown}
 k - a scroll of identify {unknown}
 l - a scroll of teleportation {unknown}
 o - a scroll of remove curse {unknown}
Potions
 h - a potion of brilliance {unknown}
 i - a potion of flight {unknown}
 j - 2 potions of resistance {unknown}
Comestibles
 c - 4 rations


   Skills:
 + Level 2.3 Dodging
 - Level 1.7 Stealth
 + Level 2.4 Spellcasting
 * Level 5.1 Necromancy


You had 5 spell levels left.
You knew the following spells:

 Your Spells              Type           Power        Failure   Level  Hunger
a - Pain                  Necr           ###.         2%          1    #......

Your spell library contained the following spells:

 Spells                   Type           Power        Failure   Level  Hunger
 Animate Skeleton         Necr           N/A          2%          1    #......
 Vampiric Draining        Necr           ###.......   7%          3    ###....
 Animate Dead             Necr           N/A          22%         4    #####..
 Agony                    Necr           ###.....     52%         5    ######.


Dungeon Overview and Level Annotations

Branches:
Dungeon (5/15)
 Temple: D:4-7

Altars:

Annotations:
D:2 Robin


Innate Abilities, Weirdness & Mutations

Your flesh is cold resistant. (rC+)


Message History

Casting: Pain (safe; 2% risk of failure)
Confirm with . or Enter, or press ? or * to list all spells.
Aiming: Pain (safe; 2% risk of failure)
Press: ? - help, Shift-Dir - straight line, f/p - centaur
Aim: a centaur, quivering 11 arrows (moderately wounded, chance to defeat MR: 78%)
The centaur writhes in agony.
The orc wizard shouts!
The centaur barely misses you. x2; The orc barely misses you.
The centaur hits you.
* * * LOW HITPOINT WARNING * * *
The centaur closely misses you.
Casting: Pain (safe; 2% risk of failure)
Confirm with . or Enter, or press ? or * to list all spells.
Aiming: Pain (safe; 2% risk of failure)
Press: ? - help, Shift-Dir - straight line, f/p - centaur
Aim: a centaur, quivering 11 arrows (heavily wounded, chance to defeat MR: 78%)
The centaur writhes in agony.
An orc comes into view.
The centaur hits you!
You die...

### ### ##..
..o .<. #
#.#..#
#.##o#..#
#..c.o..#
#.##@##.#
#....c/.#
####.#### #.#
#######.#
#.......#
#.#####.#####
#.##.......<##
#.##.#.......#


You could see 2 centaurs, an orc wizard and 2 orcs.

Vanquished Creatures
  2 worms (D:2)
  A dart slug (D:1)
  A leopard gecko (D:2)
  2 orcs (D:4)
  2 bats (D:1)
  3 giant cockroaches (D:1)
  4 goblins
  3 hobgoblins (D:1)
  A kobold (D:1)
  A ball python (D:4)
  A quokka zombie (D:5)
  13 rats (D:1)
34 creatures vanquished.

Vanquished Creatures (others)
  A plant (D:5)
1 creature vanquished.

Grand Total: 35 creatures vanquished

Notes
Turn   | Place    | Note
-------+----------+-------------------------------------------
     0 | D:1      | Hasart the Demonspawn Necromancer began the quest for the
                  | Orb.
     0 | D:1      | Reached XP level 1. HP: 13/13 MP: 3/3
   493 | D:1      | Gained mutation: Your flesh is cold resistant. (rC+)
                  | [demonic ancestry]
   493 | D:1      | Reached XP level 2. HP: 17/19 MP: 0/5
  1227 | D:2      | Noticed Robin
  1230 | D:1      | Reached skill level 5 in Necromancy
  1232 | D:1      | Reached XP level 3. HP: 17/24 MP: 2/6
  1544 | D:2      | You fall into a shaft and drop 2 floors!
  1555 | D:4      | Noticed an ogre
  1594 | D:5      | Entered Level 5 of the Dungeon
  1877 | D:5      | Noticed a centaur
  1878 | D:5      | Noticed a centaur
  1883 | D:5      | Slain by a centaur

Illustrated notes

Levels and vault maps discovered:
D:1:      dpeg_arrival_concentric_ovals, layout_rooms, minmay_rat_gold_closets
D:2:      layout_basic, nicolae_overflow_crystal_walls, lemuel_crystal_altar,
          tso_oasis_becter, uniq_robin
D:4:      layout_loops_cross, lemuel_doored_altar, serial_shops,
          kennysheep_little_box, cheibrodos_sewer_entry_bend
D:5:      layout_loops_cross, chequers_big_river, fedhas_altar_3

Skill      XL: |  1  2 |
---------------+-------+-----
Dodging        | 2 |  2.3
Necromancy     | 5 |  5.1
Stealth        | |  1.7
Spellcasting   | |  2.4

Action                   || total
-------------------------++-------
Melee: Unarmed           ||     1
       Short sword       ||    12
Throw: Dart              ||    10
 Cast: Pain              ||    66
  Eat: Chunk             ||     3
Armor: Robe              ||     7
Dodge: Dodged            ||    33

Table legend:
 A = Non-vault XP
 B = Vault XP
 C = Vault XP percentage of total XP
 D = Non-vault monster count
 E = Vault monster count
 F = Vault count percentage of total count
                 A         B        C        D         E       F
            +---------+---------+-------+---------+---------+-------
      Total |      51 |      12 |  19.0 |      24 |      10 |  29.4
            +---------+---------+-------+---------+---------+-------
        D:1 |      29 |      12 |  29.3 |      16 |      10 |  38.5
        D:2 |      14 |       0 |   0.0 |       4 |       0 |   0.0
        D:4 |       7 |       0 |   0.0 |       3 |       0 |   0.0
        D:5 |       1 |       0 |   0.0 |       1 |       0 |   0.0
            +---------+---------+-------+---------+---------+-------
